 Dungeon Crawl Stone Soup version 0.29-a0-297-g7659ce593d (console) character file.

Game seed: 13729831359308611599

111 Gather the Conjurer (level 4, -2/32 HPs)
             Began as a Mummy Conjurer on Mar 21, 2022.
             Slain by a scorpion (7 damage)
             ... on level 3 of the Dungeon.
             The game lasted 00:09:22 (3878 turns).

Gather the Conjurer (Mummy Conjurer)                Turns: 3878, Time: 00:09:23

Health: -2/32      AC:  2    Str: 10    XL:     4   Next: 62%
Magic:  0/9        EV: 11    Int: 19    God:
Gold:   71         SH:  0    Dex: 10    Spells: 4/10 levels left

rFire   x . .      SeeInvis .   j - +2 hand axe (vamp)
rCold   + . .      Faith    .   (no shield)
rNeg    + + +      Spirit   .   a - +0 robe
rPois   ∞          Reflect  .   (no helmet)
rElec   .          Harm     .   (no cloak)
rCorr   .          Rampage  .   (no gloves)
Will    .....                   (no boots)
Stlth   ++........              (no amulet)
HPRegen 0.10/turn               (no ring)
MPRegen 0.11/turn               (no ring)

@: no status effects
A: cold resistance 1, negative energy resistance 3, torment resistance 2, heat
vulnerability 1, in touch with death 1, no potions
a: no special abilities


You were on level 3 of the Dungeon.
You visited 1 branch of the dungeon, and saw 4 of its levels.

You collected 156 gold pieces.
You spent 85 gold pieces at shops.

Inventory:

Hand Weapons
 b - a +0 dagger
 d - a +0 short sword
 j - a +2 vampiric hand axe (weapon)
Missiles
 c - 47 stones
 k - a throwing net
 l - 11 poisoned darts (quivered)
Armour
 a - a +0 robe (worn)
Magical Staves
 i - a staff of poison
Scrolls
 e - 2 scrolls of teleportation
 f - 2 scrolls of amnesia
 g - 2 scrolls of identify
 h - a scroll of torment
 m - a scroll of fear


   Skills:
 - Level 1.1 Fighting
 - Level 1.5 Dodging
 - Level 1.5 Stealth
 + Level 3.5 Spellcasting
 + Level 4.6 Conjurations


You had 4 spell levels left.
You knew the following spells:

 Your Spells              Type           Power      Damage    Failure   Level
a - Searing Ray           Conj           40%        2d5       3%          2
b - Magic Dart            Conj           80%        1d7       2%          1
c - Dazzling Flash        Conj/Hex       24%        N/A       17%         3

Your spell library contained the following spells:

 Spells                   Type           Power      Damage    Failure   Level
 Shock                    Conj/Air       48%        1d6       5%          1
 Fulminant Prism          Conj/Hex       6%         3d7       50%         4
 Iskenderun's Mystic Bla  Conj/Tloc      12%        2d5       50%         4


Dungeon Overview and Level Annotations

Branches:
Dungeon (4/15)
 Temple: D:4-7

Altars:

Shops:
D:1 ?

Annotations:
D:3 Sigmund


Innate Abilities, Weirdness & Mutations

You are immune to poison.
Your flesh is cold resistant. (rC+)
You are immune to negative energy. (rN+++)
You are immune to unholy pain and torment.
You are vulnerable to heat. (rF-)
You are in touch with the powers of death.
You do not drink.


Message History

Aim: a scorpion (heavily wounded, 78% to hit)
The searing ray misses the scorpion. (Press . to maintain the ray.)
The scorpion stings you.
The searing ray hits the scorpion.
The scorpion is severely wounded.
The scorpion stings you but does no damage.
The searing ray misses the scorpion.
The scorpion stings you.
The searing ray hits the scorpion.
The scorpion is severely wounded.
You finish channelling your searing ray.
The scorpion barely misses you. The scorpion stings you.
Casting: Searing Ray (safe; 3% risk of failure)
Confirm with . or Enter, or press ? or * to list all spells.
Aiming: Searing Ray (safe; 3% risk of failure)
Press: ? - help, Shift-Dir - straight line, f/p - scorpion
Aim: a scorpion (severely wounded, 78% to hit)
The searing ray misses the scorpion. (Press . to maintain the ray.)
The scorpion completely misses you.
You hit the scorpion.
You feel better.
The scorpion is almost dead.
The scorpion stings you.
You hit the scorpion but do no damage.
The scorpion is almost dead.
The scorpion stings you!
* * * LOW HITPOINT WARNING * * *
The scorpion barely misses you.
You hit the scorpion but do no damage.
The scorpion is almost dead.
The scorpion stings you but does no damage.
The scorpion stings you.
* * * LOW HITPOINT WARNING * * *
You hit the scorpion but do no damage.
The scorpion is almost dead.
The scorpion stings you but does no damage.
You hit the scorpion but do no damage.
The scorpion is severely wounded.
The scorpion closely misses you. The scorpion stings you!
You die...

###################
#####.........†.......#
.).)........†.##.####.#
##.##.##########.# #.#
#.##.# #@# #.# #.##.#
#s# #.# #.##)# #.#
#.######## ..##.# #.#
#........# ..##.# #.#
##..#####.# ..##.#
##.###...# #.#### ..#
#........# #..... ..
### #.####...# #####.
[...##### #.# ##### ##
........# #.# # .. #.#
#.# #


You could see a scorpion.

Vanquished Creatures
  3 gnolls (D:3)
  An adder (D:2)
  2 worms (D:2)
  2 dart slugs
  4 orcs (D:3)
  2 ball pythons
  9 endoplasms
  2 giant cockroaches
  9 goblins
  2 hobgoblins
  3 jackals (D:3)
  5 kobolds
  5 bats
  A frilled lizard (D:3)
  7 rats
57 creatures vanquished.

Vanquished Creatures (others)
  3 fungi (D:2)
  A plant (D:2)
4 creatures vanquished.

Grand Total: 61 creatures vanquished

Notes
Turn   | Place    | Note
-------+----------+-------------------------------------------
     0 | D:1      | Gather the Mummy Conjurer began the quest for the Orb.
     0 | D:1      | Reached XP level 1. HP: 13/13 MP: 4/4
   474 | D:1      | Found Catzomefrunu's Magic Scroll Emporium.
   517 | D:1      | Reached skill level 1 in Fighting
   556 | D:1      | Reached XP level 2. HP: 21/21 MP: 1/5
   559 | D:1      | Learned a level 2 spell: Searing Ray
   811 | D:1      | Bought a scroll of teleportation for 30 gold pieces
  1745 | D:2      | Reached skill level 4 in Conjurations
  1745 | D:2      | Gained mutation: You are in touch with the powers of death.
                  | [Mummy growth]
  1745 | D:2      | Reached XP level 3. HP: 26/26 MP: 2/7
  2097 | D:1      | Bought a scroll of identify for 20 gold pieces
  2529 | D:2      | Found a faded altar of an unknown god.
  2534 | D:2      | Learned a level 3 spell: Dazzling Flash
  2582 | D:2      | Got Plato's Papyrus of Flight
  2983 | D:3      | Reached XP level 4. HP: 20/32 MP: 2/8
  3204 | D:3      | Noticed Sigmund
  3685 | D:1      | Bought a scroll of fear for 35 gold pieces
  3849 | D:4      | Noticed a scorpion
  3878 | D:3      | Slain by a scorpion

Illustrated notes

Levels and vault maps discovered:
D:1:      dpeg_chamrin_arrival_tetris, layout_basic, serial_shops,
          nicolae_square_shop, serial_bayou_pond_e
D:2:      layout_basic, shapermc_ecumenical_altar_rom_forum
D:3:      layout_loops_ring, minmay_misc_feat_room, st_stairs_7,
          minmay_joined_circles, uniq_sigmund
D:4:      layout_loops_ring, slow_altar_2, temple_doors_e,
          minmay_misc_feat_hallway, nicolae_underground_beach

Skill      XL: |  1  2  3 |
---------------+----------+-----
Fighting       | 1 |  1.1
Conjurations   | 4 |  4.6
Spellcasting   | 3 |  3.5
Dodging        | |  1.5
Stealth        | |  1.5

Action                   |  1- 3 |  4- 6 || total
-------------------------+-------+-------++-------
Melee: Unarmed           |     5 |       ||     5
       Dagger            |     2 |       ||     2
       Hand axe          |       |     8 ||     8
 Cast: Magic Dart        |    47 |       ||    47
       Searing Ray       |    18 |    12 ||    30
  Use: Scroll            |     2 |     3 ||     5
 Stab: Sleeping          |     2 |       ||     2
Armor: Robe              |     2 |     7 ||     9
Dodge: Dodged            |    10 |    16 ||    26

Table legend: (Time is in decaauts)
 A = Elapsed time spent in this place.
 B = Non-inter-level travel time spent in this place.
 C = Inter-level travel time spent in this place.
 D = Time resting spent in this place.
 E = Time spent auto-exploring this place.
 F = Levels seen in this place.
 G = Mean time per level.
                   A        B        C        D        E       F      G
               +--------+--------+--------+--------+--------+-----+--------+
         Total |   3885 |   3518 |    367 |    206 |   2762 |   4 |  971.2 |
       Dungeon |   3885 |   3518 |    367 |    206 |   2762 |   4 |  971.2 |
               +--------+--------+--------+--------+--------+-----+--------+

Top non-repeatable levels by time:
     D:1: 1701 daAuts
     D:2: 1339 daAuts
     D:3: 802 daAuts
     D:4: 41 daAuts
